 Dungeon Crawl Stone Soup version 0.23-a0-414-g0aa8dd0f38 (webtiles) character file.

11 Elric the Poker (level 2, -1/23 HPs)
             Began as a Merfolk Skald on Nov 6, 2018.
             Slain by a rat (2 damage)
             ... on level 1 of the Dungeon on May 31, 2019.
             The game lasted 00:03:16 (787 turns).

Elric the Poker (Merfolk Skald)                      Turns: 787, Time: 00:03:17

Health: -1/23      AC:  3    Str: 11    XL:     2   Next: 29%
Magic:  5/5        EV: 12    Int: 12    God:
Gold:   13         SH:  0    Dex: 13    Spells: 4/5 levels left

rFire    . . .     SeeInvis .   a - +0 spear
rCold    . . .     Gourm    .   (no shield)
rNeg     . . .     Faith    .   b - +0 leather armour
rPois    .         Spirit   .   (no helmet)
rElec    .         Reflect  .   (no cloak)
rCorr    .         Harm     .   (no gloves)
MR       .....                  (no boots)
Stlth    +.........             (no amulet)
HPRegen  0.07/turn              (no ring)
MPRegen  0.09/turn              (no ring)

@: no status effects
A: change form in water, swift swim, stealthy swim
a: no special abilities


You were on level 1 of the Dungeon.
You were not hungry.

You visited 1 branch of the dungeon, and saw 1 of its levels.

You collected 13 gold pieces.

Inventory:

Hand Weapons
 a - a +0 spear (weapon)
Missiles
 e - 25 stones (quivered)
Armour
 b - a +0 leather armour (worn)
Scrolls
 g - a scroll of remove curse {unknown}
Potions
 c - a potion of flight {unknown}
Comestibles
 d - a ration
 f - 3 chunks of flesh


   Skills:
 + Level 2.5 Fighting
 * Level 3.9 Polearms
 - Level 0.6 Armour
 - Level 2.6 Dodging
 - Level 2.0 Spellcasting
 - Level 3.2 Charms


You had 4 spell levels left.
You knew the following spells:

 Your Spells              Type           Power        Failure   Level  Hunger
a - Infusion              Chrm           #...         10%         1    ##.....

Your spell library contained the following spells:

 Spells                   Type           Power        Failure   Level  Hunger
 Song of Slaying          Chrm           #.......     14%         2    ###....
 Shroud of Golubria       Chrm/Tloc      #.........   28%         2    ###....
 Regeneration             Chrm/Necr      #.........   50%         3    ####...
 Spectral Weapon          Hex/Chrm       #.......     50%         3    ####...


Dungeon Overview and Level Annotations

Branches:
Dungeon (1/15)

Altars:


Message History

The rat misses you. The rat bites you but does no damage.
The rat bites you but does no damage. The rat misses you.
The rat closely misses you. The rat misses you. The rat closely misses you.
The rat closely misses you. The rat bites you.
* * * LOW HITPOINT WARNING * * *
The rat barely misses you. The rat barely misses you.
The rat closely misses you.
The rat twitches its whiskers.
The rat barely misses you. The rat barely misses you.
The rat twitches its whiskers.
The rat barely misses you. The rat bites you.
You die...

#.#.###.. ≈≈..##
#.#...... ≈###≈...#
#.###.... ≈≈≈≈≈...#
#........ ..).....#
#....#... ........#
##...##... ........##
####)..# #...
....(...r###....#.###.#.
.......@........#.##..##
....#..#..#..##...##÷##
? ##.#....####...#.#
#......# #(.....#
........#.......#
...................#
.....................
..[.......#......####
...........#


You could see a rat.

Vanquished Creatures
  An ooze (D:1)
  A worm (D:1)
  A hobgoblin (D:1)
  A bat (D:1)
  A frilled lizard (D:1)
  A rat (D:1)
6 creatures vanquished.

Notes
Turn   | Place    | Note
-------+----------+-------------------------------------------
     0 | D:1      | Elric the Merfolk Skald began the quest for the Orb.
     0 | D:1      | Reached XP level 1. HP: 16/16 MP: 3/3
   546 | D:1      | Reached XP level 2. HP: 17/23 MP: 5/5
   717 | D:1      | Upgraded the game from 0.23-a0-405-g368ce007a8 to
                  | 0.23-a0-414-g0aa8dd0f38
   780 | D:1      | HP: 1/23 [rat (3)]
   787 | D:1      | Slain by a rat

Vault maps used:
D:1:      evilmike_arrival_run_for_it, st_stairs_14, minmay_crystal_water,
          minmay_tree_intersection, hangedman_abyss_or_decor_stabs

Action                   || total
-------------------------++-------
Melee: Spear             ||    47
  Use: Scroll            ||     1
Armor: Leather armour    ||    11
Dodge: Dodged            ||    52

Table legend:
 A = Non-vault XP
 B = Vault XP
 C = Vault XP percentage of total XP
 D = Non-vault monster count
 E = Vault monster count
 F = Vault count percentage of total count
                 A         B        C        D         E       F
            +---------+---------+-------+---------+---------+-------
      Total |      12 |       5 |  29.4 |       5 |       1 |  16.7
            +---------+---------+-------+---------+---------+-------
        D:1 |      12 |       5 |  29.4 |       5 |       1 |  16.7
            +---------+---------+-------+---------+---------+-------
